 Dungeon Crawl Stone Soup version 0.28-a0-8-g6e044cfa68 (webtiles) character file.

Game seed: 9357976767467142694

343 Shayle the Skirmisher (level 6, -13/65 HPs)
             Began as an Ogre Warper on July 24, 2021.
             Mangled by an ogre (16 damage)
             ... on level 5 of the Dungeon.
             The game lasted 00:13:54 (5875 turns).

Shayle the Skirmisher (Ogre Warper)                 Turns: 5875, Time: 00:13:55

Health: -13/65     AC:  4    Str: 16    XL:     6   Next: 57%
Magic:  8/9        EV: 10    Int: 16    God:
Gold:   254        SH:  0    Dex:  8    Spells: 2/9 levels left

rFire   . . .      SeeInvis .   a - +1 mace
rCold   . . .      Faith    .   (no shield)
rNeg    + . .      Spirit   .   b - +1 robe
rPois   .          Reflect  .   (helmet restricted)
rElec   .          Harm     .   (no cloak)
rCorr   .          Rampage  .   (gloves unavailable)
Will    +....                   (boots unavailable)
Stlth   +.........              (no amulet)
HPRegen 0.20/turn               n - ring of willpower
MPRegen 0.11/turn               s - ring of positive energy

@: no status effects
A: large, unfitting armour, tough skin 1
a: no special abilities


You were on level 5 of the Dungeon.
You visited 1 branch of the dungeon, and saw 5 of its levels.
You also visited: Sewer.

You collected 254 gold pieces.

Inventory:

Hand Weapons
 a - a +1 mace (weapon)
Armour
 b - a +1 robe (worn)
Jewellery
 n - a ring of willpower (left hand)
 s - a ring of positive energy (right hand)
 v - a ring of positive energy
Scrolls
 c - a scroll of blinking
 e - 3 scrolls of teleportation
 g - a scroll of amnesia
 h - a scroll of identify
 p - a scroll of enchant weapon
Potions
 d - a potion of haste
 f - a potion of brilliance {unknown}
 i - 2 potions of resistance
 k - a potion of degeneration
 r - 3 potions of flight
 t - a potion of attraction {unknown}
 u - a potion of invisibility {unknown}


   Skills:
 + Level 4.9 Fighting
 + Level 3.4 Maces & Flails
 - Level 1.0 Throwing
 * Level 4.6 Dodging
 - Level 2.4 Spellcasting
 - Level 2.6 Translocations


You had 2 spell levels left.
You knew the following spells:

 Your Spells              Type           Power      Damage    Failure   Level
a - Blink                 Tloc           N/A        N/A       10%         2
b - Teleport Other        Tloc           10%        N/A       21%         3
c - Searing Ray           Conj           2%         3d3       30%         2

Your spell library contained the following spells:

 Spells                   Type           Power      Damage    Failure   Level
 Magic Dart               Conj           4%         1d3       21%         1
 Gell's Gravitas          Tloc           5%         N/A       21%         3
 Lesser Beckoning         Tloc           5%         N/A       21%         3
 Manifold Assault         Tloc           10%        N/A       88%         5
 Fulminant Prism          Conj/Hex       0%         3d6       89%         4


Dungeon Overview and Level Annotations

Branches:
Dungeon (5/15)              Sewer (visited)
 Temple: D:4-7

Altars:
Uskayaw


Innate Abilities, Weirdness & Mutations

You are too large for most types of armour.
You have tough skin. (AC +1)


Message History

You feel aware of your surroundings.
It was a scroll of magic mapping.
As you read the scroll labelled NOWOUPS MUTYG, it crumbles to dust.
Magic quickly surges around you.
It was a scroll of vulnerability.
You start waiting.
You feel your willpower return.
You climb downwards.
The ogre hits you with a +0 giant club. x2
There is a stone staircase leading up here.
You barely miss the ogre. The ogre barely misses you.
You barely miss the ogre. The ogre hits you with a +0 giant club!
You hit the ogre but do no damage. You barely miss the ogre.
The ogre closely misses you.
You hit the ogre.
The ogre is lightly wounded.
The ogre barely misses you.
Casting: Blink (safe; 10% risk of failure)
Confirm with . or Enter, or press ? or * to list all spells.
You blink.
You barely miss the ogre.
The ogre is lightly wounded.
The ogre barely misses you.
You hit the ogre.
The ogre is lightly wounded.
The ogre closely misses you.
You barely miss the ogre.
The ogre is lightly wounded.
The ogre hits you with a +0 giant club!
You thump the ogre!
The ogre is moderately wounded.
The ogre hits you with a +0 giant club.
You hit the ogre.
The ogre is heavily wounded.
The ogre hits you with a +0 giant club!!
You hit the ogre.
The ogre is heavily wounded.
The ogre hits you with a +0 giant club!!
* * * LOW HITPOINT WARNING * * *
You hit the ogre.
The ogre is heavily wounded.
The ogre hits you with a +0 giant club!
You die...

#.#.# #.#.#
#.#.# #...#
####...#
##....P.#
##.....P.#
#......P.#
#.....@P.#
#.....O..#
##.$.....#
##....._.#
###...[....#
#..[...<...#
...........P.#
.#.###.....P.#
#. ##....P.#


You could see an ogre.

Vanquished Creatures
  A water moccasin (Sewer)
  A hound (D:4)
  2 orc wizards (D:4)
  A hound skeleton (D:4)
  2 adders
  A river rat (D:4)
  2 worms (D:4)
  3 dart slugs
  3 orcs
  9 bats
  7 endoplasms
  7 giant cockroaches
  4 goblins
  5 hobgoblins
  4 jackals (D:1)
  6 kobolds
  3 quokkas
  3 ball pythons
  10 rats
74 creatures vanquished.

Vanquished Creatures (collateral kills)
  A bullfrog (D:4)
1 creature vanquished.

Vanquished Creatures (others)
  A fungus (D:1)
1 creature vanquished.

Grand Total: 76 creatures vanquished

Notes
Turn   | Place    | Note
-------+----------+-------------------------------------------
     0 | D:1      | Shayle the Ogre Warper began the quest for the Orb.
     0 | D:1      | Reached XP level 1. HP: 22/22 MP: 3/3
   146 | D:1      | Reached XP level 2. HP: 11/29 MP: 5/5
   436 | D:1      | Found a faded altar of an unknown god.
  1126 | D:1      | Reached XP level 3. HP: 37/37 MP: 6/6
  2646 | D:3      | Reached XP level 4. HP: 45/45 MP: 7/7
  3183 | D:3      | Noticed an orc warrior
  3396 | D:2      | Learned a level 2 spell: Blink
  3400 | D:2      | Learned a level 3 spell: Teleport Other
  3403 | D:2      | Learned a level 2 spell: Searing Ray
  3417 | D:3      | HP: 1/48 [orc warrior (7)]
  3483 | D:4      | HP: 2/48 [hobgoblin (2)]
  3799 | D:4      | Found a glowing drain.
  3809 | Sewer    | Entered a sewer
  4079 | Sewer    | Noticed a water moccasin
  4087 | Sewer    | Killed a water moccasin
  4088 | Sewer    | Reached XP level 5. HP: 28/55 MP: 8/8
  4437 | D:4      | Reached XP level 6. HP: 43/63 MP: 9/9
  5641 | D:5      | Entered Level 5 of the Dungeon
  5666 | D:5      | Found a hide-covered altar of Uskayaw.
  5874 | D:5      | HP: 3/65 [ogre (20)]
  5875 | D:5      | Mangled by an ogre

Illustrated notes

Levels and vault maps discovered:
D:1:      dpeg_arrival_tiny_k, layout_basic,
          dreamdust_ecumenical_altar_hidden_monk_grotto
D:2:      layout_basic
D:3:      layout_loops_cross, minmay_overflow_temple_star_hex,
          chequers_serial_rivers_micro_c
D:4:      layout_cave_pods, portal_sewer_entry_e,
          chequers_serial_rivers_micro_e, chequers_mini_garden
D:5:      layout_rooms, mainiacjoe_overflow_boulevard, uniq_blork_the_orc

Skill      XL: |  1  2  3  4 |
---------------+-------------+-----
Fighting       | 3 4 |  4.9
Maces & Flails | 2 3 |  3.4
Dodging        | 3 4 |  4.6
Throwing       | |  1.0
Spellcasting   | |  2.4
Translocations | |  2.6

Action                   |  1- 3 |  4- 6 || total
-------------------------+-------+-------++-------
Melee: Mace              |   124 |   161 ||   285
Throw: Boomerang         |       |     5 ||     5
 Cast: Blink             |       |     4 ||     4
       Searing Ray       |       |     1 ||     1
  Use: Scroll            |       |    14 ||    14
       Potion            |       |     2 ||     2
Armor: Robe              |    52 |    48 ||   100
Dodge: Dodged            |    81 |   109 ||   190

Table legend: (Time is in decaauts)
 A = Elapsed time spent in this place.
 B = Non-inter-level travel time spent in this place.
 C = Inter-level travel time spent in this place.
 D = Time resting spent in this place.
 E = Time spent auto-exploring this place.
 F = Levels seen in this place.
 G = Mean time per level.
                   A        B        C        D        E       F      G
               +--------+--------+--------+--------+--------+-----+--------+
         Total |   5958 |   5895 |     63 |   1550 |   3291 |   6 |  993.0 |
       Dungeon |   5409 |   5346 |     63 |   1108 |   3250 |   5 | 1081.8 |
         Sewer |    549 |    549 |      0 |    442 |     41 |   1 |  549.0 |
               +--------+--------+--------+--------+--------+-----+--------+

Top non-repeatable levels by time:
     D:4: 1875 daAuts
     D:1: 1491 daAuts
     D:2: 1203 daAuts
     D:3: 782 daAuts
   Sewer: 549 daAuts
     D:5: 56 daAuts
